 Dungeon Crawl Stone Soup version 0.26-a0-1033-gd598b01645 (webtiles) character file.

Game seed: 2695499088237632991

765 Murumi the Chucker (level 7, -1/70 HPs)
             Began as an Ogre Conjurer on Dec 10, 2020.
             Slain by a wraith (9 damage)
             ... in an ossuary.
             The game lasted 00:16:48 (5567 turns).

Murumi the Chucker (Ogre Conjurer)                  Turns: 5567, Time: 00:16:48

Health: -1/70      AC:  4    Str: 20    XL:     7   Next: 81%
Magic:  7/11       EV: 10    Int: 19    God:
Gold:   197        SH:  0    Dex:  7    Spells: 9/12 levels left

rFire    + . .     SeeInvis .   d - +2 mace (vorpal)
rCold    + . .     Faith    .   (no shield)
rNeg     . . .     Spirit   .   a - +1 robe
rPois    +         Reflect  .   (helmet restricted)
rElec    +         Harm     .   (no cloak)
rCorr    +         Rampage  .   (gloves unavailable)
Will     .....                  (boots unavailable)
Stlth    ++........             (no amulet)
HPRegen  0.21/turn              u - +6 ring of strength
MPRegen  0.12/turn              (no ring)

@: resistant, slowed, invisible, very slow
A: large, unfitting armour, tough skin 1
a: no special abilities


You were in an ossuary.
You visited 2 branches of the dungeon, and saw 7 of its levels.
You also visited: Ossuary.

You collected 197 gold pieces.

Inventory:

Hand Weapons
 d - a +2 vorpal mace (weapon)
 i - a +0 whip
Missiles
 e - 148 stones (quivered)
 g - 7 poisoned darts
 l - 12 javelins
Armour
 a - a +1 robe (worn)
Jewellery
 u - a +6 ring of strength (left hand)
Wands
 s - a wand of flame (14)
Scrolls
 h - 2 scrolls of remove curse
 n - 2 scrolls of fear
 q - a scroll of enchant armour
Potions
 b - 3 potions of flight
 f - 4 potions of lignification
 k - a potion of brilliance
 o - 3 potions of curing
 p - a potion of berserk rage {unknown}
 r - a potion of cancellation {unknown}
 t - a potion of attraction {unknown}


   Skills:
 - Level 4.0 Fighting
 - Level 4.0 Maces & Flails
 - Level 5.0 Throwing
 - Level 2.0 Dodging
 - Level 2.0 Stealth
 - Level 3.0 Spellcasting
 - Level 4.0 Conjurations
 + Level 0.7 Evocations


You had 9 spell levels left.
You knew the following spells:

 Your Spells              Type           Power        Failure   Level
a - Magic Dart            Conj           ###.         3%          1
b - Searing Ray           Conj           ###...       4%          2

Your spell library contained the following spells:

 Spells                   Type           Power        Failure   Level
 Dazzling Flash           Conj/Hex       ##....       21%         3
 Fulminant Prism          Conj/Hex       ##........   54%         4
 Iskenderun's Mystic Bla  Conj/Tloc      ##......     54%         4


Dungeon Overview and Level Annotations

Branches:
Dungeon (6/15)             Temple (1/1) D:4         Ossuary (1/1)

Altars:
Ashenzari
Cheibriados
Dithmenos
Elyvilon
Fedhas
Gozag
Hepliaklqana
Qazlal
Ru
Sif Muna
Trog
Vehumet
Wu Jian
Xom
Yredelemnul
The Shining One

Annotations:
D:4 exclusion: oklob plant


Innate Abilities, Weirdness & Mutations

You are too large for most types of armour.
You have tough skin. (AC +1)


Message History

* * * LOW HITPOINT WARNING * * *
The wraith drains your vigour!
You feel as though you will be slow longer.
The searing ray hits the wraith.
The wraith is heavily damaged.
The wraith barely misses you.
The searing ray hits the wraith but does no damage.
The wraith is heavily damaged.
You finish channeling your searing ray.
The wraith barely misses you. The wraith hits you!
* * * LOW HITPOINT WARNING * * *
The wraith drains your vigour!
You feel as though you will be slow longer.
It was a potion of resistance.
You feel protected. The wraith closely misses you.
It was a potion of invisibility.
You fade into invisibility!
The wraith hits you!
You die...

#####################
#..............Z.....
#.∩..................
#.......#####+#####.
#......##....@....#
#.....##...##W##...#
#....##... .(. ...#
#....#... .?(?. ...
#....+.. .??!?!. ..
#....#. ##..?..## .
#....# .##...##.
#..... ...#####...
#......


You could see a wraith.

Vanquished Creatures
  An ogre (D:5)
  A phantom (D:4)
  A centaur (D:5)
  2 scorpions (D:5)
  A howler monkey (D:5)
  A bullfrog skeleton (D:5)
  2 hounds
  Jessica (D:3)
  An iguana (D:5)
  3 worker ants (D:5)
  A mummy (Ossuary)
  4 adders
  A howler monkey skeleton (D:5)
  A white imp (D:5)
  An adder zombie (D:6)
  3 worms
  2 dart slugs
  3 leopard geckos
  8 bats
  3 giant cockroaches
  6 goblins
  7 hobgoblins
  10 jackals
  4 quokkas
  A ball python (D:4)
  7 frilled lizards
  A gnoll skeleton (Ossuary)
  8 kobolds
  4 kobold skeletons (Ossuary)
  A leopard gecko skeleton (D:5)
  8 orc skeletons (Ossuary)
  5 rats
103 creatures vanquished.

Vanquished Creatures (others)
  A plant (D:3)
1 creature vanquished.

Grand Total: 104 creatures vanquished

Notes
Turn   | Place    | Note
-------+----------+-------------------------------------------
     0 | D:1      | Murumi the Ogre Conjurer began the quest for the Orb.
     0 | D:1      | Reached XP level 1. HP: 16/16 MP: 3/3
   226 | D:1      | Reached XP level 2. HP: 21/24 MP: 0/5
   233 | D:1      | Learned a level 2 spell: Searing Ray
  1012 | D:2      | Reached XP level 3. HP: 31/31 MP: 5/7
  1141 | D:2      | Reached skill level 1 in Throwing
  1407 | D:2      | Reached skill level 1 in Maces & Flails
  1407 | D:2      | Reached skill level 1 in Fighting
  1407 | D:2      | Reached XP level 4. HP: 32/41 MP: 1/8
  1974 | D:3      | Found a radiant altar of Vehumet.
  2138 | D:3      | Reached skill level 2 in Throwing
  2445 | D:3      | Noticed Jessica
  2446 | D:3      | Killed Jessica
  2447 | D:3      | Reached XP level 5. HP: 48/48 MP: 6/9
  3027 | D:4      | Found a staircase to the Ecumenical Temple.
  3034 | Temple   | Entered the Ecumenical Temple
  3173 | D:4      | Found a blossoming altar of Fedhas.
  3186 | D:4      | Noticed an oklob plant
  3414 | D:4      | Found a bloodstained altar of Trog.
  3445 | D:4      | Found a shimmering altar of Xom.
  3448 | D:4      | Found a white marble altar of Elyvilon.
  3617 | D:5      | Entered Level 5 of the Dungeon
  3687 | D:5      | Reached skill level 3 in Throwing
  3715 | D:5      | Reached XP level 6. HP: 57/57 MP: 0/10
  3725 | D:5      | Noticed a phantom
  3803 | D:4      | Killed a phantom
  4108 | D:5      | Reached skill level 4 in Throwing
  4108 | D:5      | Reached XP level 7. HP: 49/67 MP: 1/11
  5165 | D:5      | Reached skill level 5 in Throwing
  5410 | D:6      | Found a sand-covered staircase.
  5415 | Ossuary  | Entered an ossuary
  5415 | Ossuary  | Noticed a wraith
  5415 | Ossuary  | Noticed a wraith
  5415 | Ossuary  | Noticed a wraith
  5554 | Ossuary  | Noticed a wraith
  5567 | Ossuary  | Slain by a wraith

Illustrated notes

Levels and vault maps discovered:
D:1:      minmay_arrival_cross, layout_basic
D:2:      layout_rooms
D:3:      layout_loops_ring, vehumet_crystals, serial_bayou_pond_e, uniq_jessica
D:4:      layout_basic, tgw_fedhas, grunt_temple_overflow_diamond,
          minmay_temple_entry_trees
D:5:      layout_loops_ring
D:6:      layout_basic, nicolae_overflow_crystal_walls,
          overflow_temple_1_default, enter_ossuary_2, uniq_edmund
Temple:   minmay_freezing_vapour_temple
Ossuary:  ossuary_due_mausoleum

Skill      XL: |  1  2  3  4  5  6  7 |
---------------+----------------------+-----
Conjurations   | 4 |  4.0
Spellcasting   | 3 |  3.0
Dodging        | 2 |  2.0
Stealth        | 2 |  2.0
Throwing       | 1 2 3 4 5 |  5.0
Maces & Flails | 1 2 3 4 |  4.0
Fighting       | 1 2 3 4 |  4.0
Evocations     | |  0.7

Action                   |  1- 3 |  4- 6 |  7- 9 || total
-------------------------+-------+-------+-------++-------
Melee: Club              |    10 |       |       ||    10
       Mace              |     5 |    13 |    31 ||    49
Throw: Stone             |    12 |     5 |    15 ||    32
       Dart              |       |       |    11 ||    11
       Large rock        |       |       |     3 ||     3
 Cast: Magic Dart        |    64 |    49 |    17 ||   130
       Searing Ray       |     2 |    15 |     8 ||    25
  Use: Scroll            |     7 |     5 |     4 ||    16
       Potion            |       |       |     2 ||     2
Armor: Robe              |     6 |    10 |     7 ||    23
Dodge: Dodged            |    12 |    19 |    22 ||    53

Table legend: (Time is in decaauts)
 A = Elapsed time spent in this place.
 B = Non-inter-level travel time spent in this place.
 C = Inter-level travel time spent in this place.
 D = Time resting spent in this place.
 E = Time spent auto-exploring this place.
 F = Levels seen in this place.
 G = Mean time per level.
                   A        B        C        D        E       F      G
               +--------+--------+--------+--------+--------+-----+--------+
         Total |   5601 |   5253 |    348 |     94 |   4585 |   8 |  700.1 |
       Dungeon |   5422 |   5080 |    342 |     94 |   4473 |   6 |  903.7 |
        Temple |     15 |     10 |      5 |      0 |     10 |   1 |   15.0 |
       Ossuary |    162 |    162 |      0 |      0 |    102 |   1 |  162.0 |
               +--------+--------+--------+--------+--------+-----+--------+

Top non-repeatable levels by time:
     D:5: 1528 daAuts
     D:4: 1178 daAuts
     D:1: 1074 daAuts
     D:2: 816 daAuts
     D:3: 794 daAuts
 Ossuary: 162 daAuts
     D:6: 29 daAuts
  Temple: 15 daAuts
